AoeStats
← GirthSoWide

MegaRandom

504322340Analyzed
2v2 RM · 28d ago on Sep 4, 2026· 42m 5s· 4 players
Game mode
Random Map
Map size
Medium (4 player)
Population
200
Speed
Normal
Resources
Standard
Victory
Conquest
Starting age
Dark Age
Ending age
Imperial Age
RankedLock teamsTeams togetherTeam positionsShared explorationLock speedFull tech treeHidden civsTurbo modeCheats
Victory
Defeat
🇺🇸 Franks · United States
767
+14
🇺🇸 Japanese · United States
748
+14
🇳🇱 Persians · Netherlands
717
-14
🇮🇪 Vietnamese · Ireland
713
-14
Hello kitty
0:30 Loom
12:09 Feudal Age
13:40 Horse Collar
14:16 Double-Bit Axe
22:09 Castle Age
25:30 Squires
25:15 Arson
24:52 Man-at-Arms
32:43 Fervor
34:24 Town Watch
35:43 Bow Saw
38:02 Town Patrol
38:37 Wheelbarrow
41:10 Imperial Age
39:33 Stone Mining
40:08 Heavy Plow
40:02 Gold Mining
Lance
2:06 Loom
10:45 Feudal Age
11:50 Double-Bit Axe
12:42 Wheelbarrow
12:28 Town Watch
13:20 Horse Collar
19:51 Castle Age
18:32 Man-at-Arms
19:27 Gold Mining
19:30 Stone Mining
21:03 Squires
21:29 Hand Cart
23:12 Long Swordsman
28:12 Forging
28:02 Scale Mail Armor
29:07 Bow Saw
30:03 Heavy Plow
32:44 Town Patrol
36:09 Imperial Age
33:25 Treadmill Crane
37:01 Caravan
37:13 Guilds
39:24 Pikeman
41:25 Stone Shaft Mining
40:32 Halberdier
41:09 Two-Handed Swordsman
GirthSoWide
2:50 Loom
14:35 Feudal Age
15:37 Man-at-Arms
17:36 Wheelbarrow
17:51 Horse Collar
18:00 Double-Bit Axe
18:17 Gold Mining
21:49 Castle Age
19:55 Arson
24:57 Pikeman
25:38 Squires
30:40 Long Swordsman
31:42 Gambesons
36:58 Forging
37:05 Scale Mail Armor
38:34 Iron Casting
38:47 Bow Saw
38:58 Heavy Plow
40:08 Hand Cart
40:58 Gold Shaft Mining
YoSoyMeistro
0:30 Loom
11:18 Feudal Age
11:55 Double-Bit Axe
12:06 Gold Mining
15:27 Stone Mining
16:20 Wheelbarrow
16:49 Forging
18:15 Scale Mail Armor
23:28 Castle Age
23:31 Scale Barding Armor
25:09 Gold Shaft Mining
25:50 Husbandry
35:22 Chain Barding Armor
39:15 Imperial Age
37:49 Hand Cart
38:46 Iron Casting
38:36 Bow Saw
38:23 Town Watch
39:19 Cavalier
40:03 Chivalry
41:34 Blast Furnace
41:17 Conscription
Connection lost

Rejoining the realm…

Still unreachable

The connection could not be restored.

Session expired

The server has moved on; the page needs a fresh start.